[Event "15th Chennai GM Open 2025"]
[Site "Chennai"]
[Date "2025.01.03"]
[Round "3.12"]
[White "Mrithyunjay Mahadevan"]
[Black "Kolla Bhaavan"]
[Result "0-1"]
[ECO "A06"]
[WhiteElo "2345"]
[BlackElo "1946"]
[Annotator "TA"]
[PlyCount "72"]
[EventDate "2025.01.02"]
[EventType "swiss"]
[EventCountry "IND"]
[SourceTitle "playchess.com"]
[Source "ChessBase"]
[SourceQuality "1"]
[TimeControl "5400+30"]

1. Nf3 d5 2. e3 Nf6 3. b3 Bg4 4. h3 Bh5 5. Bb2 e6 6. g4 Bg6 7. Ne5 Nbd7 8. Nxg6 {[%emt 0:00:44] The position is equal.} hxg6 9. Qf3 Bd6 10. Nc3 c6 11. Qg2 g5 12. Ne2 (12. h4 $11 {keeps the balance.}) 12... e5 (12... Qa5 $17) 13. a4 Qe7 14. O-O-O Ba3 15. d4 exd4 {[%emt 0:03:52] Black is more active.} (15... O-O-O {simplifies} 16. Nc3 Bd6 17. Kb1 exd4 18. exd4 Nf8) 16. Nxd4 {[%emt 0:00:25] [#] Black converts the advantage convincingly.} (16. Rxd4 $17 O-O-O 17. Qg1) 16... Ne4 $1 $19 17. f3 {[%emt 0:02:56] [#] White is weak on the dark squares} (17. Kb1 {was necessary.}) 17... Nc3 $1 {[%emt 0:01:41] aiming for ...Bxb2+.} ({Don't go for} 17... Ng3 $2 18. Qxg3 Qxe3+ 19. Kb1 Bxb2 20. Kxb2 $18) 18. Rd3 Qb4 19. Bxa3 Qxa3+ 20. Kd2 Nb1+ {[%emt 0:00:40] Excellent horsemanship.} 21. Ke1 Ne5 22. Kf2 O-O-O ({Resist} 22... Nxd3+ 23. Bxd3 Nc3 24. Qg3 $15) 23. Rd1 Nc3 24. Re1 Rhe8 25. Kg3 (25. h4 $17) 25... Qd6 {[%emt 0:00:48] ( -> ...Nd3+)} 26. Nf5 Qf6 (26... Qc7 $19 {and Black stays clearly on top.} 27. Kf2 g6) 27. Qd2 {[%emt 0:06:38] Repels Nd3} (27. Qf2 $17) 27... g6 28. Qxc3 {[%emt 0:01:06][%cal Of3f4] f4! would now be deadly.} gxf5 29. Bd3 $2 (29. Be2) 29... fxg4 30. f4 {[%emt 0:01:19] [#]} d4 $1 31. exd4 (31. Qa5 dxe3) 31... Qxf4+ {[%emt 0:00:25] Black mates.} 32. Kg2 Qf3+ 33. Kg1 Qg3+ 34. Kf1 Nxd3 35. cxd3 gxh3 36. Rg1 Qf3# {[%emt 0:00:01] Weighted Error Value: White=0.91/Black=0.13 (very precise) .  Loses game:     	White=1     	---        Mistake:       	White=5     	Black=2      Inaccurate:     	White=2     	Black=2      OK:         	White=6     	Black=9      Best:        	---       	Black=3      Strong:       	---       	Black=2} 0-1

[Event "15th Chennai GM Open 2025"]
[Site "Chennai"]
[Date "2025.01.03"]
[Round "3.13"]
[White "Nithin Babu"]
[Black "Mayank Chakraborty"]
[Result "0-1"]
[ECO "E69"]
[WhiteElo "2168"]
[BlackElo "2457"]
[Annotator "TA"]
[PlyCount "102"]
[EventDate "2025.01.02"]
[EventType "swiss"]
[EventCountry "IND"]
[SourceTitle "playchess.com"]
[Source "ChessBase"]
[SourceQuality "1"]
[TimeControl "5400+30"]

1. c4 Nf6 2. g3 g6 3. Bg2 Bg7 4. Nc3 O-O 5. d4 d6 6. h3 c6 7. e4 e5 8. Nf3 Nbd7 9. O-O a6 10. Be3 Qe7 11. Qc2 b5 12. d5 (12. c5 $16) 12... b4 {[%emt 0:03:03] The position is equal.} 13. dxc6 (13. Na4 {simplifies} Bb7 14. Nd2 a5 15. a3) 13... bxc3 14. cxd7 Bb7 15. Qxc3 (15. bxc3 Bxe4 16. Qd2 Rad8 $15 (16... Qxd7 17. Nxe5 Qf5 18. Ng4 $11) (16... Nxd7 17. Rad1 $16)) 15... Bxe4 ({Better is} 15... Nxe4 $11 16. Qa5 Qxd7) 16. Rfd1 {[%emt 0:05:37] Black should prevent c5.} Rfd8 (16... Qxd7 {simplifies} 17. c5 Qb7 18. Qb3 dxc5 19. Qxb7 Bxb7 20. Rac1 e4) 17. c5 Nd5 $2 (17... Rxd7 $11 {and Black has nothing to worry.} 18. cxd6 Rxd6) 18. Qc4 $2 ({Only move:} 18. Qe1 $1 $18 {Bg5 would now be deadly.} Nxe3 19. Qxe3) 18... Nxe3 $15 19. fxe3 d5 20. Rxd5 Bxd5 21. Qxd5 {[%emt 0:00:02] [#]} e4 $1 (21... Rxd7 $2 22. Qxa8+ Rd8 23. Qe4 $18 (23. Qxa6 e4 $18)) (21... Qxd7 $6 22. Qxd7 Rxd7 23. Nxe5 Bxe5 24. Bxa8 $11) 22. Nd4 Qxd7 23. Qxe4 Rac8 24. c6 Qd6 {[%emt 0:05:23][%mdl 1024] Black has strong compensation.} 25. Kh2 Re8 26. Qf3 h5 (26... Bxd4 27. Rd1 $15) 27. h4 Rc7 (27... Bxd4 $6 28. Rd1 $16) 28. Rf1 Rce7 29. b3 Kh8 (29... Bxd4 $15 30. exd4 Qxd4) 30. Nc2 f5 31. Qd5 Qc7 32. b4 {[%emt 0:00:12] [#]} (32. Rd1 $11 {remains equal.}) 32... Bf6 ({Black should try} 32... Rd8 $1 $17 33. Qc4 Be5) 33. Kh3 (33. Rd1 $11) 33... Rd8 (33... Be5 $15 34. Qf3 Qc8) 34. Qf3 (34. Qc4 $11) 34... Re4 $36 {[%emt 0:01:54][%cal Of6e5][%mdl 2048] Black has some pressure. Black is much more active.} 35. Qe2 {[%emt 0:01:03] White is now going downhill.} (35. Nd4 $1 $15) 35... Rg4 $17 {[%emt 0:02:50][%csl Gg4][%cal Rc7g3] The board is on fire.} 36. Rf4 g5 37. hxg5 Bxg5 38. Rxg4 hxg4+ 39. Kh2 Kg7 40. Nd4 $2 (40. a4 $17) 40... Qe5 $19 {[%emt 0:01:18] And now ...Rh8+ would win.} 41. Qf2 Kg6 {[%emt 0:00:29] ( -> ...Rh8+)} (41... Bxe3 $2 {perishes.} 42. Nxf5+ Kg8 43. Nxe3 $18 (43. Qxe3 Qxf5 44. c7 Qh7+ 45. Kg1 Qxc7 $11)) 42. Nc2 Qh8+ 43. Kg1 Rd1+ 44. Bf1 Qc3 45. e4 (45. c7 $142 Qxc7 46. e4) 45... fxe4 {[%emt 0:00:22][%cal Od1d2] Threatens to win with ...Rd2!} ({Inferior is} 45... Qxc6 46. Qxf5+ Kh6 47. Qf8+ Kh5 48. Qh8+ Bh6 (48... Qh6 49. Qe8+ Qg6 50. Qh8+ Bh6 51. Qe5+ Qg5 52. Qe8+ Qg6 53. Qe5+ Qg5 54. Qe8+ Qg6 55. Qe5+ $11) 49. Qe5+ Bg5 50. Qh8+ Kg6 (50... Qh6 51. Qe8+ Qg6 52. Qh8+ Qh6 53. Qe8+ Qg6 54. Qh8+ Qh6 $11) 51. Qg8+ Kf6 52. Qf8+ Kg6 53. Qg8+ Kh6 54. Qh8+ Kg6 55. Qg8+ $11) 46. Qe2 Qxg3+ 47. Kh1 Qf3+ {[%emt 0:00:28] Black mates.} 48. Qxf3 gxf3 49. Kg1 e3 50. c7 e2 51. c8=Q exf1=Q+ {[%emt 0:00:07] Weighted Error Value: White=0.67/Black=0.26 (precise) .  Loses game:     	White=1     	Black=1      Missed win:     	White=1     	---        Mistake:       	White=6     	Black=4      Inaccurate:     	White=5     	Black=3      OK:         	White=6     	Black=12     Best:        	White=6     	Black=3      Strong:       	---       	Black=1} 0-1

[Event "15th Chennai GM Open 2025"]
[Site "Chennai"]
[Date "2025.01.03"]
[Round "3.14"]
[White "Priyanka, K."]
[Black "Rios Gomez, Cristhian Camilo"]
[Result "0-1"]
[ECO "B48"]
[WhiteElo "2144"]
[BlackElo "2435"]
[Annotator "TA"]
[PlyCount "83"]
[EventDate "2025.01.02"]
[EventType "swiss"]
[EventCountry "IND"]
[SourceTitle "playchess.com"]
[Source "ChessBase"]
[SourceQuality "1"]
[TimeControl "5400+30"]

1. e4 c5 2. Nf3 Nc6 3. d4 cxd4 4. Nxd4 e6 5. Nc3 Qc7 6. Be3 a6 7. Qd2 Nf6 8. f4 Bb4 9. Bd3 b5 10. a3 {[%emt 0:00:15] The position is equal.} Be7 11. e5 Ng4 12. Bg1 Bb7 13. Ne4 (13. Be4 $14) 13... f6 (13... f5 $1 $15 14. exf6 Nxf6) 14. Nxc6 Bxc6 15. h3 Nxe5 16. fxe5 Qxe5 {[%emt 0:00:10] [#]} 17. O-O-O Bxe4 $17 {[%emt 0:02:48] White is now going downhill.} 18. Bh2 Qd5 19. Bxe4 Qxe4 20. Qxd7+ Kf7 21. Rhe1 Qc4 $40 {[%emt 0:00:29][%mdl 128] Black is out for blood.} 22. Bd6 Rhe8 23. b3 Qc8 24. Bxe7 {[%emt 0:00:13] [#] Threatens to win with Bb4+.} Qxd7 25. Rxd7 Rxe7 {[%emt 0:00:07][%mdl 4096] Endgame. KRR-KRR} 26. Rd6 e5 27. g4 Raa7 28. Kb2 (28. Red1 $17) 28... Re6 $19 29. Rxe6 (29. Rd3 $142) 29... Kxe6 {[%emt 0:00:07] KR-KR} 30. c4 (30. a4 {was worth a try.}) 30... bxc4 31. bxc4 g6 32. Kc3 f5 33. Rd1 e4 34. gxf5+ gxf5 35. c5 Rd7 36. Rc1 (36. Rg1 $142) 36... Kd5 37. Rf1 Rf7 ({Stronger than} 37... Kxc5 38. Rxf5+ Rd5 39. Rf4 $11) 38. Kb4 f4 {[%emt 0:00:11] ...e3 would now be deadly.} 39. Rd1+ Kc6 {[%emt 0:02:59] And now ...e3 would win.} 40. Kc4 f3 {[%emt 0:01:06] Strongly threatening ...e3.} 41. Rf1 e3 42. Kd4 {[%emt 0:00:21] Weighted Error Value: White=0.84/Black=0.23 (precise) .  Mistake:       	White=6     	Black=1      Inaccurate:     	White=3     	---        OK:         	White=8     	Black=16     Best:        	White=1     	Black=3} 0-1

[Event "15th Chennai GM Open 2025"]
[Site "Chennai"]
[Date "2025.01.03"]
[Round "3.15"]
[White "Sanket Chakravarty"]
[Black "Gawai Siddhant"]
[Result "1-0"]
[ECO "E14"]
[WhiteElo "2374"]
[BlackElo "2154"]
[Annotator "TA"]
[PlyCount "139"]
[EventDate "2025.01.02"]
[EventType "swiss"]
[EventCountry "IND"]
[SourceTitle "playchess.com"]
[Source "ChessBase"]
[SourceQuality "1"]
[TimeControl "5400+30"]

1. d4 Nf6 2. Nf3 e6 3. e3 b6 4. Bd3 Bb7 5. O-O Be7 6. b3 O-O 7. Bb2 c5 8. Nbd2 d6 9. c4 Nbd7 10. Rc1 Re8 11. Re1 Bf8 12. a3 Rc8 13. b4 e5 14. Bb1 e4 15. Ng5 d5 16. dxc5 bxc5 17. cxd5 Bxd5 18. bxc5 Rxc5 ({Black should try} 18... h6 $1 $17 19. Nh3 g5 (19... Rxc5 20. Rxc5 Nxc5 21. Nf4 $11) (19... Nxc5 20. Nf4 $11)) 19. Rxc5 Bxc5 20. Qa4 Qe7 (20... Qa8 $11) 21. Ndxe4 Nxe4 22. Nxe4 Bxe4 23. Bxe4 Nb6 24. Qc2 Qxe4 25. Qxc5 Na4 26. Qd4 (26. Qxa7 $2 {too greedy.} Nxb2 27. Qa6 Nc4 $19) 26... Nxb2 27. Qxb2 h6 28. h3 Re6 (28... Qe5 $16 29. Rb1 Qxb2 30. Rxb2 Re5 31. Rb8+ Kh7) 29. Qb8+ $18 Kh7 30. Qxa7 Rg6 31. g3 $1 (31. Qxf7 $2 Qxg2#) 31... Qf3 32. Qc7 Qf5 33. e4 Qe6 34. Kg2 Rf6 35. Re2 Qb3 {[%emt 0:01:13] [#]} 36. Qc2 $1 Qxa3 $2 (36... Qxc2 $16 37. Rxc2 Ra6) 37. e5+ $18 Rg6 38. e6 Qe7 39. h4 Kh8 40. Qc8+ Kh7 41. Qc2 (41. Qd7 Qxd7 42. exd7 Rd6 $11) 41... Kh8 $1 42. Qc8+ Kh7 {[%emt 0:00:07] [#]} 43. exf7 $1 ({Worse is} 43. Qd7 Qxd7 44. exd7 Rd6 $11) 43... Qxf7 44. Re8 Qd5+ 45. Kh2 Rf6 46. Rh8+ Kg6 47. Qe8+ Rf7 48. Rf8 Kf6 49. Rxf7+ Qxf7 50. Qxf7+ Kxf7 51. h5 Kf6 52. f4 Kf5 53. Kh3 Ke6 54. Kg4 Kf6 55. Kf3 Kf5 56. g4+ Kf6 57. Ke4 Ke6 58. Kd4 Kd6 59. Kc4 Kc6 60. g5 Kd6 61. g6 Ke6 62. Kc5 Kd7 63. Kd5 Ke7 64. Kc6 Ke6 65. Kc7 Ke7 66. f5 Ke8 67. Kd6 Kf8 68. Kd7 Kg8 69. Ke7 Kh8 70. f6 1-0

[Event "15th Chennai GM Open 2025"]
[Site "Chennai"]
[Date "2025.01.04"]
[Round "4.1"]
[White "Aronyak Ghosh"]
[Black "Kaustuv, Kundu"]
[Result "1/2-1/2"]
[ECO "E64"]
[WhiteElo "2544"]
[BlackElo "2409"]
[Annotator "TA"]
[PlyCount "78"]
[EventDate "2025.01.02"]
[EventType "swiss"]
[EventCountry "IND"]
[SourceTitle "playchess.com"]
[Source "ChessBase"]
[SourceQuality "1"]
[TimeControl "5400+30"]

1. d4 Nf6 2. c4 g6 3. g3 Bg7 4. Bg2 O-O 5. Nc3 d6 6. Nf3 c5 7. h3 Nc6 8. Be3 cxd4 9. Nxd4 Bd7 10. Qd2 Nxd4 11. Bxd4 Bc6 12. O-O Bxg2 13. Kxg2 a6 14. a4 Rc8 15. b3 Nd7 16. Bxg7 Kxg7 17. Nd5 Kg8 18. Rfd1 Nb6 19. Ne3 Nd7 20. Qd4 Nf6 21. a5 Qd7 22. f3 Qe6 23. b4 Rc7 24. Rac1 Rfc8 25. Rd2 Qd7 26. g4 {[%emt 0:01:27] White is more active.} Rc6 27. h4 e5 28. Qb2 Qe6 29. Rcd1 b5 30. cxb5 axb5 31. Qa2 Rc3 {[%emt 0:09:32] [#]} 32. Nd5 (32. Rxd6 $2 {too greedy.} Qxa2 33. R6d2 Qb3 $19) (32. Qxe6 $1 $16 fxe6 33. Rd3) 32... R3c4 $11 33. Nxf6+ Qxf6 34. Rxd6 Qxh4 {[%emt 0:00:00][%cal Oc4c2] ...Rc2! would now be deadly.} 35. Qd2 Rxg4+ $1 36. fxg4 Qxg4+ 37. Kf2 Qh4+ 38. Kg2 Qg4+ 39. Kf2 {[%emt 0:00:03] and Qh6 would now be decisive} Qh4+ 1/2-1/2

[Event "15th Chennai GM Open 2025"]
[Site "Chennai"]
[Date "2025.01.04"]
[Round "4.2"]
[White "Sathvik Adiga"]
[Black "Siddharth, Jagadeesh"]
[Result "*"]
[ECO "C54"]
[WhiteElo "2395"]
[BlackElo "2515"]
[Annotator "TA"]
[PlyCount "37"]
[EventDate "2025.01.02"]
[EventType "swiss"]
[EventCountry "IND"]
[SourceTitle "playchess.com"]
[Source "ChessBase"]
[SourceQuality "1"]
[TimeControl "5400+30"]

1. e4 e5 2. Nf3 Nc6 3. Bc4 Bc5 4. c3 Nf6 5. d3 d6 6. O-O a5 7. Re1 O-O 8. h3 Be6 {[%emt 0:00:07] The position is equal.} 9. Bb5 Ba7 10. Be3 Bxe3 11. Rxe3 Ne7 12. d4 c6 13. Bf1 h6 14. c4 c5 15. dxe5 dxe5 16. Nc3 Nc6 17. Qxd8 Re8 $2 {[%emt 0:03:06][%mdl 8192] [#]} (17... Rfxd8 $11 18. Nd5 a4) 18. Qe7 $2 Rxe7 $11 19. Nd5 {[%emt 0:02:55] Weighted Error Value: White=0.55/Black=0.06 (flawless) .  Loses game:     	---       	Black=1      Missed win:     	White=1     	---        OK:         	White=6     	Black=6      Best:        	---       	Black=1} *

[Event "15th Chennai GM Open 2025"]
[Site "Chennai"]
[Date "2025.01.04"]
[Round "4.2"]
[White "Sathvik Adiga"]
[Black "Siddharth, Jagadeesh"]
[Result "0-1"]
[ECO "C54"]
[WhiteElo "2395"]
[BlackElo "2515"]
[Annotator "TA"]
[PlyCount "96"]
[EventDate "2025.01.02"]
[EventType "swiss"]
[EventCountry "IND"]
[SourceTitle "playchess.com"]
[Source "ChessBase"]
[SourceQuality "1"]
[TimeControl "5400+30"]

1. e4 e5 2. Nf3 Nc6 3. Bc4 Bc5 4. c3 Nf6 5. d3 d6 6. O-O a5 7. Re1 O-O 8. h3 Be6 {[%emt 0:00:07] The position is equal.} 9. Bb5 Ba7 10. Be3 Bxe3 11. Rxe3 Ne7 12. d4 c6 13. Bf1 h6 14. c4 c5 15. dxe5 dxe5 16. Nc3 Nc6 17. Qxd8 Rfxd8 18. Nd5 Nd7 19. Nd2 Nd4 20. Rc1 {[%emt 0:02:16] Inhibits Nc2.} a4 21. a3 Bxd5 22. cxd5 b5 23. f3 c4 24. Nb1 Nc5 {[%emt 0:00:09] Excellent horsemanship.} 25. Nc3 Rab8 26. Na2 Rb6 27. Kf2 g5 {[%emt 0:00:34][%cal Bg7g5,Bg5g4,Bg4h3][%mdl 32] Black is much more active.} 28. Nb4 h5 $36 {[%emt 0:00:13][%mdl 2048] Black is on the roll.} 29. Rd1 g4 30. Be2 (30. fxg4 $15 hxg4 31. hxg4) 30... gxh3 31. g3 Na6 (31... Kg7 $17 32. Rh1 h4) 32. Nxa6 $11 Rxa6 33. Rh1 $2 {[%emt 0:01:02][%mdl 8192] Loses the game.} (33. f4 $11) 33... Rb6 $19 34. f4 {[%emt 0:06:50] [#]} (34. Rd1 $142) 34... b4 $1 35. Rxh3 bxa3 36. bxa3 Rb2 {[%emt 0:00:05][%cal Oc4c3] And now ...c3! would win.} 37. Rh1 f6 38. f5 $2 {[%emt 0:01:59] [#]} (38. fxe5 fxe5 39. Rc1) 38... c3 $1 39. Rc1 Rc8 40. d6 c2 41. d7 Rd8 42. Rc3 Rxd7 43. Bd3 Kg7 {[%emt 0:02:09] ...Rb3 would now be deadly.} 44. Rc8 Ra2 45. Rc3 Rb7 {[%emt 0:00:58] Strongly threatening ...Rb1.} 46. Ke3 Rb3 47. Rc7+ Kh6 48. Kd2 Raxa3 {[%emt 0:00:26] Weighted Error Value: White=0.47/Black=0.12 (very precise) .  Loses game:     	White=1     	---        Mistake:       	White=3     	Black=1      Inaccurate:     	White=6     	Black=2      OK:         	White=17    	Black=15     Best:        	White=2     	Black=2      Strong:       	---       	Black=1} 0-1

[Event "15th Chennai GM Open 2025"]
[Site "Chennai"]
[Date "2025.01.04"]
[Round "4.3"]
[White "Iniyan, Pa"]
[Black "Venkatesh, M.R."]
[Result "1-0"]
[ECO "A52"]
[WhiteElo "2508"]
[BlackElo "2362"]
[Annotator "TA"]
[PlyCount "41"]
[EventDate "2025.01.02"]
[EventType "swiss"]
[EventCountry "IND"]
[SourceTitle "playchess.com"]
[Source "ChessBase"]
[SourceQuality "1"]
[TimeControl "5400+30"]

1. d4 Nf6 2. c4 e5 3. dxe5 Ng4 4. Nf3 Bc5 5. e3 Nc6 6. Be2 Ncxe5 7. Nc3 O-O 8. h3 Nxf3+ 9. gxf3 Ne5 10. f4 Nc6 (10... Ng6 $1 $14) 11. b3 d6 12. Bb2 Bf5 ({Better is} 12... Bb4) 13. a3 Qh4 14. Nd5 Rfe8 $2 (14... Rae8 $16 15. Rg1 (15. Nxc7 $2 Bxe3 16. Rh2 Re4 $19) 15... f6) 15. Qd2 (15. Nxc7 $2 Rxe3 16. Rg1 Rd3 17. Rxg7+ Kf8 $19) (15. Rg1 $142) 15... Re6 $18 16. Bf3 (16. Nxc7 Bxe3 17. Qc3 Qxf2+ 18. Kd1 Nd4 $19) 16... Ne7 {[%emt 0:04:08] [#] and ...Nxd5 would now be decisive} 17. O-O-O $1 $40 {[%emt 0:06:30][%mdl 128] Hoping for Rdg1. White attacks with force.} (17. Nxc7 $2 {is the wrong capture.} Bxe3 (17... Rxe3+ $2 18. Be2 $19) 18. Nxe6 Bxd2+ 19. Kxd2 Bxe6 $19 (19... fxe6 $2 20. Ke2 $19) (19... Qxf2+ $2 20. Be2 $19)) 17... Bb6 (17... Nxd5 $142 18. Bxd5 Rg6) 18. Rdg1 Rg6 $2 {[%emt 0:01:29] [#]} (18... Bg6 19. Nxe7+ Qxe7) 19. Rg4 $1 Bxg4 20. hxg4 Qxh1+ 21. Bxh1 1-0

[Event "15th Chennai GM Open 2025"]
[Site "Chennai"]
[Date "2025.01.04"]
[Round "4.4"]
[White "Sammed Jaykumar, Shete"]
[Black "Das, Sayantan"]
[Result "1/2-1/2"]
[ECO "D00"]
[WhiteElo "2379"]
[BlackElo "2434"]
[Annotator "TA"]
[PlyCount "60"]
[EventDate "2025.01.02"]
[EventType "swiss"]
[EventCountry "IND"]
[SourceTitle "playchess.com"]
[Source "ChessBase"]
[SourceQuality "1"]
[TimeControl "5400+30"]

1. d4 Nf6 2. Nf3 g6 3. Nc3 d5 4. Bf4 Bg7 5. Nb5 Na6 6. e3 c6 7. Nc3 Qa5 8. Bd3 Nb4 9. h3 O-O 10. O-O c5 11. a3 Nxd3 12. cxd3 Bd7 (12... cxd4 $11 13. Nxd4 Nh5) 13. dxc5 Qxc5 14. Be5 e6 15. Qb3 b6 16. Rfc1 Rfc8 17. Nd4 Ne8 18. Bxg7 Kxg7 19. Rc2 Qa5 20. Qa2 Qa6 21. Rd1 Rc7 22. b4 Rac8 23. Qb2 {[%emt 0:00:43] aiming for Ndb5.} Kg8 24. b5 Qb7 $1 25. Rdc1 e5 26. Nf3 f6 27. a4 Be6 28. Na2 Rxc2 29. Rxc2 Rxc2 30. Qxc2 Qc7 1/2-1/2

[Event "15th Chennai GM Open 2025"]
[Site "Chennai"]
[Date "2025.01.04"]
[Round "4.5"]
[White "Shahil Dey"]
[Black "Vaz, Ethan"]
[Result "0-1"]
[ECO "E60"]
[WhiteElo "2374"]
[BlackElo "2412"]
[Annotator "TA"]
[PlyCount "80"]
[EventDate "2025.01.02"]
[EventType "swiss"]
[EventCountry "IND"]
[SourceTitle "playchess.com"]
[Source "ChessBase"]
[SourceQuality "1"]
[TimeControl "5400+30"]

1. Nf3 Nf6 2. b3 g6 3. Bb2 Bg7 4. g3 O-O 5. Bg2 c5 6. c4 d6 7. d4 d5 8. cxd5 Nxd5 9. Qd2 Nc6 10. O-O Qa5 (10... cxd4 $11 11. Nxd4 Nxd4 12. Bxd4 Bxd4 (12... Nf4 13. Bxg7 Qxd2 14. Nxd2 $11) 13. Qxd4 Be6) 11. Qxa5 $14 Nxa5 12. Rc1 $1 cxd4 13. Rc5 $1 (13. Bxd4 $6 Rd8 $11) 13... Nb4 14. Bxd4 $2 (14. Rxa5 $16 {[%cal Of3e1] and Ne1! should not be overlooked} Nc2 15. Nbd2 Nxa1 16. Bxa1) 14... b6 (14... Rd8 $5 15. e3 (15. Bxg7 $2 Rd1+ 16. Bf1 Kxg7 $19) 15... Nac6 $17) 15. Bxg7 Kxg7 16. Rc1 Bb7 17. Nbd2 Rac8 18. a3 Nc2 19. Ra2 {[%emt 0:00:07] [#]} Nd4 $1 20. Rxc8 Nxf3+ 21. Bxf3 Rxc8 22. Bxb7 Nxb7 $15 {[%emt 0:06:53][%mdl 4096] Endgame KRN-KRN} 23. a4 Rc3 24. b4 Nd6 25. a5 b5 26. f4 f6 27. Kf2 Kf7 28. e4 Nc4 29. a6 Ke8 30. e5 fxe5 {[%emt 0:01:10] Black is more active.} 31. fxe5 (31. Nxc4 $17 {keeps fighting.} Rxc4 32. fxe5) 31... Nxe5 $19 32. Ra5 $2 (32. Ne4 Rc4 33. Ke3) 32... Rc2 33. Rxb5 Rxd2+ {[%emt 0:00:01] KRN-KR} 34. Ke3 Nc4+ ({Weaker is} 34... Rxh2 35. Rxe5 Rg2 36. Kf4 $17) 35. Kf4 Nb6 36. Rc5 Nd5+ 37. Kg5 Nxb4 {[%emt 0:00:25] Hoping for ...Rd5+.} 38. Rc7 Rxh2 39. Rxa7 Rh5+ 40. Kg4 Ra5 0-1

[Event "15th Chennai GM Open 2025"]
[Site "Chennai"]
[Date "2025.01.04"]
[Round "4.6"]
[White "Rios Gomez, Cristhian Camilo"]
[Black "Kolla Bhaavan"]
[Result "1/2-1/2"]
[ECO "E05"]
[WhiteElo "2435"]
[BlackElo "1946"]
[Annotator "TA"]
[PlyCount "79"]
[EventDate "2025.01.02"]
[EventType "swiss"]
[EventCountry "IND"]
[SourceTitle "playchess.com"]
[Source "ChessBase"]
[SourceQuality "1"]
[TimeControl "5400+30"]

1. d4 Nf6 2. Nf3 d5 3. c4 e6 4. g3 Be7 5. Bg2 O-O 6. O-O dxc4 7. Qc2 b5 8. a4 b4 9. Nbd2 (9. Ne5 {looks sharper.} Qxd4 10. Nd2 b3 11. Qxc4 Qxe5 12. Bxa8 Ba6 13. Qxb3 Qxe2 14. Bf3) 9... Bb7 10. Nxc4 Be4 11. Qb3 Nc6 12. Rd1 Bd5 {[%emt 0:12:31][%cal Oc6a5] Strongly threatening ...Na5!.} 13. a5 Ne4 14. Qd3 b3 (14... Nc5 $1 $11 {keeps the balance.} 15. dxc5 Bxc4) 15. Nfe5 $16 (15. Qxb3 $6 Rb8 16. Qc2 Nb4 $11) 15... Nb4 16. Qxb3 Rb8 17. f3 (17. Be3 $5) 17... Nd6 18. e4 Bxc4 $1 19. Nxc4 Nc6 {[%emt 0:00:48] Prevents Ne5.} ({Better is} 19... Qc8 $14) 20. Qc2 (20. Qa4 $1 $16 Rb4 21. Qxc6 Nxc4 22. a6 Nxb2 23. Bxb2 Rxb2 24. f4) 20... Nb5 $1 $11 21. d5 (21. Be3 $14) 21... Ncd4 22. Qd3 exd5 23. exd5 Qxd5 24. f4 Qh5 25. Re1 {[%emt 0:03:30][%cal Oe1e5] Wards off Ne2+} Bc5 {[%emt 0:00:37] ( -> ...Nf3+)} 26. Kh1 Rfe8 (26... Rfd8 $11) 27. Bd2 $14 Rbd8 (27... f6 $14) 28. Re5 ({White should play} 28. Rxe8+ $1 $16 Rxe8 29. Re1 Rxe1+ 30. Bxe1) 28... Rxe5 29. Nxe5 {[%emt 0:00:05] and Qc4 would now be decisive} Qe2 {[%emt 0:00:31] [#]} (29... Bd6 $1 $14) 30. Qxe2 $1 $16 Nxe2 {[%emt 0:00:02] [#]} 31. Be1 $1 {[%emt 0:00:01] This pair of bishops is nice.} Ned4 32. Rd1 Ne6 33. Rxd8+ Nxd8 34. b4 {[%emt 0:00:01] White is more active.} Bd4 35. Nc6 Nxc6 36. Bxc6 Bc3 37. Bxc3 (37. Bf2 $1 $14 Nd4 38. Bd5) 37... Nxc3 $11 38. Kg2 Kf8 39. Kf3 Ke7 40. Be4 (40. Ke3 $11) 1/2-1/2

[Event "15th Chennai GM Open 2025"]
[Site "Chennai"]
[Date "2025.01.04"]
[Round "4.7"]
[White "Mayank Chakraborty"]
[Black "Manish Anto Cristiano F"]
[Result "1/2-1/2"]
[ECO "C50"]
[WhiteElo "2457"]
[BlackElo "2328"]
[Annotator "TA"]
[PlyCount "102"]
[EventDate "2025.01.02"]
[EventType "swiss"]
[EventCountry "IND"]
[SourceTitle "playchess.com"]
[Source "ChessBase"]
[SourceQuality "1"]
[TimeControl "5400+30"]

1. e4 e5 2. Nf3 Nc6 3. Bc4 Bc5 4. d3 Nf6 5. Nc3 h6 6. O-O O-O 7. h3 d6 8. Na4 Bb6 9. a3 Be6 10. Bxe6 fxe6 11. b4 Qe8 12. c3 Nh5 13. Ra2 Rd8 14. Rd2 Rf6 (14... Qg6 15. Rb2 Nf4 16. Bxf4 Rxf4 17. Nd2 Rdf8) 15. Kh2 Qf7 16. Nxb6 axb6 17. d4 exd4 18. cxd4 Rf8 {[%emt 0:04:32] [#]} 19. Rd3 (19. b5 $1 $16 Na5 20. Rc2) 19... Nf4 $11 20. Bxf4 Rxf4 21. Re1 Ne7 22. b5 Kh8 (22... d5 $11) 23. Rc3 $16 c6 24. a4 Qh5 25. Qb3 ({Better is} 25. Rb3 $16) 25... d5 $11 26. bxc6 (26. Ne5 Rxf2 27. Rg3 Rf1 28. Rxf1 Rxf1 29. Rg4) 26... Nxc6 27. exd5 (27. Qxb6 dxe4 28. Nd2 Qd5 $11 (28... Rxf2 29. Nxe4 R2f4 30. Rg3 $14)) (27. Rce3 {looks sharper.} Na5 28. Qc2 Nc4 29. Rc3) 27... Qxd5 28. Rxe6 ({Of course not} 28. Qxb6 Rxf3 (28... Nxd4 29. Ne5 $16) 29. Rxf3 Rxf3 30. gxf3 Nxd4 $11) 28... Qxb3 29. Rxb3 Nxd4 30. Nxd4 ({Worse is} 30. Rexb6 Nxb3 (30... Nxf3+ 31. Rxf3 Rxf3 32. gxf3 $11) 31. Rxb3 Rxa4 32. Rxb7 Ra2 $17) 30... Rxd4 31. f3 Rxa4 32. Rexb6 Rf7 33. g4 Raf4 34. Kg3 R4f6 (34... h5 $11) 35. Rxf6 $14 gxf6 36. Kf4 Kg7 37. Kf5 Rc7 38. Rb6 Rc5+ 39. Ke6 (39. Kf4 $14) 39... Re5+ $11 40. Kd6 Re3 41. Rxb7+ Kg6 42. f4 Rxh3 43. f5+ Kg5 44. Rg7+ Kf4 45. Ke6 h5 46. gxh5 Rxh5 47. Rg1 Rh6 $1 48. Rg6 Rh1 49. Rg2 Ra1 50. Rf2+ Kg5 51. Rg2+ Kf4 1/2-1/2